Map: Cerulean Fall LE

Players

LandShark - Winner!

  • Race: Protoss Protoss
  • League: Diamond
  • Spawn Location: 7:00

OldGregg

  • Race: Zerg Zerg
  • League: Platinum
  • Spawn Location: 1:00

VOD

Have the link to the VOD?

Description

Time

  • Played on: Dec. 2, 2018, 11:39 a.m.
  • Length: 11:56
Show
View Real Time Build Order
Export as new Build Order

LandShark Protoss - Winner!

Build Orders:  

Get SALT Encoding   

  1  0:00  Probe  
  12  0:05  Probe  
  14  0:21  Pylon  
  14  0:25  Probe  
  15  0:39  Gateway  
  15  0:47  Pylon  
  15  0:58  Probe  
  15  1:00  Assimilator  
  16  1:10  Pylon  
  16  1:15  Forge  
  16  1:18  Probe  
  17  1:26  Probe  
  18  1:35  Pylon  
  18  1:54  Photon Cannon  
  18  1:58  Photon Cannon  
  18  2:16  Probe, Cybernetics Core  
  19  2:24  Probe  
  20  2:31  Pylon  
  20  2:47  Assimilator, Probe  
  21  2:53  Stalker  
  21  2:58  Pylon  
  23  2:59  Probe  
  24  3:11  Probe  
  25  3:30  Nexus  
  25  3:51  Stargate  
  25  3:55  Probe  
  26  4:13  Stargate  
  26  4:18  Probe  
  27  4:29  Oracle  
  27  4:30  Probe, Shield Battery  
  31  4:44  Pylon  
  31  4:49  Assimilator, Probe  
  32  4:57  Phoenix  
  32  4:58  Probe  
  34  5:06  Probe  
  36  5:15  Probe  
  36  5:16  Probe  
  38  5:21  Phoenix  
  38  5:27  Probe  
  38  5:28  Probe  
  42  5:40  Probe  
  43  5:55  Void Ray  
  43  5:56  Phoenix  
  49  6:04  Probe  
  50  6:11  Probe  
  50  6:12  Probe  
  50  6:14  Pylon  
  52  6:19  Void Ray  
  52  6:22  Probe  
  52  6:23  Probe  
  56  6:34  Probe  
  56  6:35  Probe  
  56  6:39  Void Ray  
  58  6:46  Probe  
  52  6:47  Probe  
  52  6:51  Protoss Air Weapons Level 1  
  49  7:00  Probe  
  39  7:29  Oracle  
  42  7:41  Probe  
  43  7:44  Photon Cannon  
  43  7:47  Probe  
  44  7:58  Probe  
  44  8:02  Pylon x2  
  45  8:06  Probe  
  46  8:14  Probe  
  47  8:24  Void Ray  
  47  8:25  Probe, Pylon  
  52  8:37  Probe  
  53  8:45  Photon Cannon  
  53  8:46  Photon Cannon  
  50  8:48  Photon Cannon  
  50  8:58  Photon Cannon  
  50  9:00  Shield Battery  
  50  9:13  Assimilator  
  40  9:47  Void Ray  
  40  9:48  Void Ray  
  44  10:17  Robotics Facility  
  44  10:25  Probe  
  44  10:30  Void Ray x2  
  44  10:34  Probe  
  53  10:38  Probe  
  55  10:46  Probe  
  55  10:54  Probe  
  56  11:02  Probe  
  56  11:03  Void Ray x2  
  57  11:04  Warp Prism  
  60  11:13  Probe  
  69  11:22  Probe  
  70  11:40  Pylon  
Show
View Real Time Build Order
Export as new Build Order

OldGregg Zerg 

Build Orders: Hatch First 

Get SALT Encoding   

  12  0:01  Drone  
  13  0:13  Overlord  
  13  0:18  Drone  
  14  0:34  Drone x2  
  16  0:35  Drone  
  17  1:07  Hatchery  
  16  1:14  Drone x2  
  16  1:15  Drone  
  20  1:30  Extractor  
  19  1:40  Spawning Pool  
  18  1:52  Hatchery  
  17  2:27  Extractor  
  16  2:31  Overlord  
  16  2:36  Drone x2  
  18  2:42  Roach Warren  
  17  2:51  Zergling x2  
  17  2:55  Queen  
  20  2:59  Zergling x2  
  21  3:08  Overlord  
  21  3:23  Roach x3  
  27  3:27  Roach x2  
  31  3:38  Overlord  
  31  3:46  Roach  
  33  3:51  Drone x2  
  35  4:14  Hatchery  
  34  4:17  Roach  
  34  4:22  Roach  
  38  4:25  Drone  
  38  4:27  Drone  
  40  4:34  Roach  
  42  4:38  Spore Crawler  
  42  4:44  Drone  
  42  4:48  Roach  
  44  4:55  Overlord  
  44  5:08  Overlord x2  
  44  5:14  Drone  
  45  5:17  Drone  
  46  5:27  Drone x3  
  49  5:30  Ravager  
  49  5:31  Ravager x2  
  49  5:33  Ravager x2  
  51  5:55  Spore Crawler  
  50  5:57  Queen  
  50  5:58  Queen  
  50  6:03  Roach  
  50  6:04  Roach  
  58  6:08  Drone x2  
  57  6:36  Zergling x16  
  65  6:44  Zergling x2  
  59  7:00  Zergling x4  
  59  7:01  Zergling x10  
  60  7:09  Zergling x6  
  56  7:16  Spore Crawler  
  56  7:17  Lair  
  48  7:34  Zergling x2  
  48  7:35  Zergling x12  
  48  7:36  Zergling x2  
  44  7:57  Zergling x6  
  44  7:58  Zergling x8  
  43  8:18  Hydralisk Den, Spore Crawler  
  43  8:19  Drone x4  
  45  8:26  Drone x2  
  46  8:55  Hydralisk  
  46  8:56  Hydralisk x4  
  46  9:00  Queen  
  51  9:23  Hydralisk x4  
  40  9:41  Hydralisk  
  28  10:01  Hydralisk  
  28  10:03  Zergling x4  
  28  10:04  Zergling x16  
  28  10:05  Zergling x10  
  45  10:09  Queen  
  45  10:26  Hydralisk x2  
  49  10:33  Hydralisk  
  49  10:35  Extractor  
  50  10:50  Hydralisk  
  50  10:51  Hydralisk  
  54  11:00  Overlord x3  
  54  11:01  Overlord  
  54  11:06  Hydralisk  
  54  11:11  Hydralisk  
  58  11:23  Drone x2  
  58  11:24  Drone  
  61  11:26  Hydralisk  
Tags
 
Add a new tag
Caveats
  • Supply blocks, unpowered buildings, or Contaminate may cause inaccurate times.
  • Supply counts are checked every 10 seconds.